[ AOE2 MATCH · #505050307 ]
UnrankedPersians vs Bulgarians
Player's team · WIN
[ REPLAY ANALYSIS · EXTRACTED FROM THE RECORDED GAME ]
Feudal
—
Castle
—
Imperial
—
| APM avg | 42.9 |
| APM peak | 75 |
| eAPM avg | 20.7 |
| Villagers / military | 19 / 0 |
Focus
⚔️ 25.5% · 🌾 74.5%
Feudal
—
Castle
—
Imperial
—
| APM avg | 51.4 |
| APM peak | 87 |
| eAPM avg | 28.5 |
| Villagers / military | 47 / 0 |
Focus
⚔️ 37.7% · 🌾 62.3%
Match map
Initial resources + every placement click. Lines = walls · curves = elevation contours. ◆ gold · ⬟ stone · ● berries · ✦ relic · ◌ wall gap
Your base· Open — opponent sealed themselves in
thankyou9527's base· ✓ Closed at 12:00 · 21t walls · no gate
Smoothed initial terrain · ◌ = detected wall gap · hover for details
Inputs per minute
— 日本人 - - thankyou9527
Build order — 日本人
28 actions detected in the replay
| 0:03 | Build | House |
| 0:04 | Queue | Villager (Male) |
| 0:04 | Queue | Villager (Male) |
| 0:05 | Build | House |
| 0:27 | Research | Loom |
| 0:31 | Queue | Villager (Male) |
| 0:32 | Queue | Villager (Male) |
| 0:41 | Queue | Villager (Male) |
| 2:24 | Queue | Villager (Male) |
| 5:28 | Queue | Villager (Male) |
| 5:28 | Queue | Villager (Male) |
| 5:57 | Build | Palisade Wall |
| 6:09 | Build | Palisade Wall |
| 6:11 | Build | Palisade Wall |
| 6:38 | Build | Lumber Camp |
| 6:44 | Queue | Villager (Male) |
| 7:22 | Queue | Villager (Male) |
| 7:56 | Queue | Villager (Male) |
| 7:57 | Queue | Villager (Male) |
| 8:46 | Queue | Villager (Male) |
| 8:57 | Queue | Villager (Male) |
| 8:57 | Queue | Villager (Male) |
| 9:45 | Build | House |
| 11:17 | Build | Town Center |
| 12:21 | Queue | Villager (Male) |
| 12:21 | Queue | Villager (Male) |
| 12:21 | Queue | Villager (Male) |
| 12:59 | Queue | Villager (Male) |
Build order — thankyou9527
61 actions detected in the replay
| 0:00 | Queue | Villager (Male) |
| 0:01 | Queue | Villager (Male) |
| 0:01 | Queue | Villager (Male) |
| 0:01 | Queue | Villager (Male) |
| 0:02 | Build | House |
| 0:03 | Build | House |
| 0:10 | Queue | Villager (Male) |
| 0:10 | Research | Loom |
| 0:20 | Queue | Villager (Male) |
| 0:20 | Queue | Villager (Male) |
| 0:20 | Queue | Villager (Male) |
| 1:42 | Build | Palisade Wall |
| 1:57 | Build | Palisade Wall |
| 1:58 | Build | Palisade Wall |
| 2:09 | Build | Palisade Wall |
| 2:12 | Build | Palisade Wall |
| 2:15 | Build | Palisade Wall |
| 2:24 | Queue | Villager (Male) |
| 2:25 | Queue | Villager (Male) |
| 2:25 | Queue | Villager (Male) |
| 2:54 | Build | Lumber Camp |
| 3:05 | Build | Palisade Wall |
| 3:17 | Queue | Villager (Male) |
| 3:17 | Queue | Villager (Male) |
| 6:13 | Queue | Villager (Male) |
| 6:13 | Queue | Villager (Male) |
| 6:13 | Queue | Villager (Male) |
| 6:30 | Queue | Villager (Male) |
| 6:30 | Queue | Villager (Male) |
| 6:57 | Queue | Villager (Male) |
| 6:57 | Queue | Villager (Male) |
| 6:58 | Queue | Villager (Male) |
| 6:58 | Queue | Villager (Male) |
| 6:58 | Queue | Villager (Male) |
| 7:18 | Build | Palisade Wall |
| 7:25 | Queue | Villager (Male) |
| 7:25 | Queue | Villager (Male) |
| 7:46 | Queue | Villager (Male) |
| 7:46 | Queue | Villager (Male) |
| 7:47 | Queue | Villager (Male) |
| 7:47 | Queue | Villager (Male) |
| 8:27 | Queue | Villager (Male) |
| 8:28 | Queue | Villager (Male) |
| 8:56 | Queue | Villager (Male) |
| 8:57 | Queue | Villager (Male) |
| 9:23 | Queue | Villager (Male) |
| 9:23 | Queue | Villager (Male) |
| 9:24 | Queue | Villager (Male) |
| 9:24 | Queue | Villager (Male) |
| 9:43 | Queue | Villager (Male) |
| 9:43 | Queue | Villager (Male) |
| 10:18 | Queue | Villager (Male) |
| 10:19 | Queue | Villager (Male) |
| 10:19 | Queue | Villager (Male) |
| 10:29 | Build | House |
| 11:06 | Queue | Villager (Male) |
| 11:06 | Queue | Villager (Male) |
| 12:08 | Build | Lumber Camp |
| 12:12 | Queue | Villager (Male) |
| 12:12 | Queue | Villager (Male) |
| 12:13 | Queue | Villager (Male) |
Match timeline
| 1:42 | thankyou9527 · wall_segment Palisade Wall x7 |
| 1:57 | thankyou9527 · wall_segment Palisade Wall x1 |
| 1:58 | thankyou9527 · wall_segment Palisade Wall x1 |
| 2:09 | thankyou9527 · wall_segment Palisade Wall x1 |
| 2:12 | thankyou9527 · wall_segment Palisade Wall x1 |
| 2:15 | thankyou9527 · wall_segment Palisade Wall x1 |
| 3:05 | thankyou9527 · wall_segment Palisade Wall x3 |
| 5:57 | 日本人 · wall_segment Palisade Wall x4 |
| 6:09 | 日本人 · wall_segment Palisade Wall x3 |
| 6:11 | 日本人 · wall_segment Palisade Wall x4 |
| 7:18 | thankyou9527 · wall_segment Palisade Wall x8 |
| 15:06 | thankyou9527 · resign |
[ AI ANALYSIS · 1 CREDIT ]
What really happened in this match?
Wolo.gg analyzes every decision: build order, eco, micro, common mistakes by bracket. Personalized analysis on WhatsApp or Discord in 30 seconds.
Civ guide
Persians
Perfil
Jugador #245540